General information
- name: BNet
- type: Ladder team game (AT/RT)
- host: Battle.net
- saver: GOD-OF-GAMING
map: TwilightRuins
- players: 8
- length: 23:18
- speed: Fast
- version: 1.26 W3XP
- replay type: Public
» download(169 KB)
Players
team 1 (winner)
DISCO-DUCK (
blue | 78 APM | 1808 actions | 23:12)
5 Dark Ranger
3 Black Arrow
2 Life Drain
» actions
| Assign group hotkey | 22 | |
| Basic commands | 12 | |
| Build / train | 60 | |
| Enter build submenu | 26 | |
| Enter hero's abilities submenu | 5 | |
| Remove unit from queue | 4 | |
| Right click | 1128 | |
| Select / deselect | 292 | |
| Select group hotkey | 197 | |
| Use ability | 62 | |
1808 total
» units
| Peasant | 24 | |
| Footman | 6 | |
| Gryphon Rider | 2 | |
| Dragonhawk Rider | 7 | |
39 total
» upgrades
| Defend | 1 | |
| Swords | 1 | |
| Storm Hammers | 1 | |
| Armor | 1 | |
4 total
» buildings
| Altar of Kings | 1 | |
| Barracks | 2 | |
| Farm | 10 | |
| Arcane Vault | 1 | |
| Keep | 2 | |
| Blacksmith | 1 | |
| Lumber Mill | 1 | |
| Town Hall | 2 | |
| Scout Tower | 2 | |
| Castle | 1 | |
| Guard Tower | 2 | |
| Gryphon Aviary | 3 | |
28 total
» build order
00:20 Altar of Kings
00:36 Barracks
00:51 Farm
01:13 Barracks
01:41 Farm
02:28 Farm
03:01 Farm
03:44 Farm
04:29 Arcane Vault
04:39 Farm
06:11 Keep
06:50 Blacksmith
06:53 Lumber Mill
07:17 Town Hall
07:55 Scout Tower
07:56 Scout Tower
07:59 Farm
08:57 Castle
08:59 Guard Tower
09:00 Guard Tower
09:04 Gryphon Aviary
09:11 Gryphon Aviary
10:12 Gryphon Aviary
12:07 Farm
12:08 Farm
13:06 Farm
20:17 Town Hall
22:25 Keep
» items

»
EXIT-SiGn (
teal | 79 APM | 1841 actions | 23:12)
6 Dreadlord
2 Sleep
3 Vampiric Aura
1 Inferno
4 Death Knight
2 Death Coil
2 Unholy Aura
» actions
| Assign group hotkey | 30 | |
| Build / train | 74 | |
| Enter build submenu | 24 | |
| Enter hero's abilities submenu | 10 | |
| Give item / drop item | 1 | |
| Right click | 676 | |
| Select / deselect | 228 | |
| Select group hotkey | 692 | |
| Use ability | 106 | |
1841 total
» units
| Acolyte | 7 | |
| Ghoul | 13 | |
| Necromancer | 4 | |
| Gargoyle | 16 | |
40 total
» upgrades
| Cannibalize | 1 | |
| Unholy Armor | 1 | |
| Unholy Strength | 1 | |
| Necromancer Training | 2 | |
| Skeletal Mastery | 1 | |
| Ghoul Frenzy | 1 | |
| Stone Form | 1 | |
| Creature Carapace | 1 | |
| Creature Attack | 1 | |
10 total
» buildings
| Ziggurat | 8 | |
| Crypt | 2 | |
| Altar of Darkness | 1 | |
| Nerubian Tower | 1 | |
| Graveyard | 2 | |
| Tomb of Relics | 1 | |
| Halls of the Dead | 2 | |
| Temple of the Damned | 3 | |
| Black Citadel | 1 | |
21 total
» build order
00:37 Ziggurat
00:43 Crypt
00:47 Crypt
00:59 Altar of Darkness
01:30 Nerubian Tower
01:57 Graveyard
02:13 Ziggurat
03:07 Tomb of Relics
03:19 Ziggurat
04:53 Ziggurat
04:55 Ziggurat
05:48 Halls of the Dead
05:48 Halls of the Dead
09:12 Temple of the Damned
09:13 Temple of the Damned
09:32 Temple of the Damned
09:36 Ziggurat
10:29 Black Citadel
12:29 Ziggurat
15:02 Ziggurat
20:38 Graveyard
» items
| Sacrificial Skull | 1 | |
| Boots of Speed | 3 | |
| Circlet of Nobility | 1 | |
| Scroll of Healing | 1 | |
| Potion of Invisibility | 1 | |
| Scroll of Town Portal | 1 | |
8 total

»
NeverLetYouDown (
purple | 28 APM | 649 actions | 23:12)
5 Far Seer
3 Feral Spirit
2 Chain Lighting
» actions
| Build / train | 56 | |
| Enter build submenu | 16 | |
| Enter hero's abilities submenu | 5 | |
| Remove unit from queue | 1 | |
| Right click | 264 | |
| Select / deselect | 275 | |
| Use ability | 32 | |
649 total
» units
» upgrades
| Melee Weapons | 3 | |
| Armor | 3 | |
| Berserker Strength | 1 | |
| Pulverize | 1 | |
| Spiked Barricades | 0 | |
| Reinforced Defenses | 1 | |
9 total
» buildings
| Altar of Storms | 1 | |
| Barracks | 1 | |
| Orc Burrow | 9 | |
| War Mill | 1 | |
| Stronghold | 1 | |
| Voodoo Lounge | 1 | |
| Fortress | 1 | |
| Tauren Totem | 2 | |
17 total
» build order
00:06 Altar of Storms
00:11 Barracks
00:22 Orc Burrow
01:41 Orc Burrow
02:40 Orc Burrow
03:30 War Mill
04:16 Stronghold
05:01 Voodoo Lounge
06:15 Orc Burrow
07:03 Fortress
09:51 Tauren Totem
09:55 Tauren Totem
10:11 Orc Burrow
11:41 Orc Burrow
16:51 Orc Burrow
19:40 Orc Burrow
21:58 Orc Burrow
» items

»
GOD-OF-GAMING (
orange | 78 APM | 1824 actions | 23:18)
6 Priestess of the Moon
2 Scout
3 Trueshot Aura
1 Starfall
4 Keeper of the Grove
2 Entangling Roots
2 Thorns Aura
» actions
| Assign group hotkey | 99 | |
| Basic commands | 19 | |
| Build / train | 70 | |
| Enter build submenu | 14 | |
| Enter hero's abilities submenu | 11 | |
| Give item / drop item | 1 | |
| Remove unit from queue | 1 | |
| Right click | 761 | |
| Select / deselect | 226 | |
| Select group hotkey | 567 | |
| Use ability | 55 | |
1824 total
» units
| Wisp | 17 | |
| Huntress | 13 | |
| Hippogryph | 10 | |
40 total
» upgrades
| Strength of the Wild | 2 | |
| Reinforced Hides | 2 | |
| Hippogryph Taming | 1 | |
| Druid of the Talon Training | 1 | |
| Ultravision | 1 | |
7 total
» buildings
| Moon Well | 8 | |
| Altar of Elders | 1 | |
| Hunter's Hall | 2 | |
| Ancient of War | 2 | |
| Tree of Ages | 1 | |
| Tree of Life | 1 | |
| Ancient of Wind | 4 | |
| Tree of Eternity | 1 | |
20 total
» build order
00:09 Moon Well
00:31 Altar of Elders
01:11 Hunter's Hall
01:57 Ancient of War
02:07 Ancient of War
02:15 Moon Well
02:29 Moon Well
04:36 Tree of Ages
05:31 Tree of Life
05:57 Moon Well
10:24 Moon Well
11:10 Hunter's Hall
14:58 Ancient of Wind
14:58 Ancient of Wind
14:59 Ancient of Wind
15:00 Moon Well
15:01 Moon Well
15:02 Moon Well
16:50 Ancient of Wind
23:05 Tree of Eternity
» items
| Replenishment Potion | 1 | |
| Scroll of Healing | 3 | |
| Potion of Lesser Invulnerability | 2 | |
| Scroll of Town Portal | 2 | |
8 total
team 2 (loser)

»
hauhero1 (
yellow | 88 APM | 939 actions | 10:39)
3 Blademaster
2 Wind Walk
1 Critical Strike
1 Tauren Chieftain
1 Endurance Aura
» actions
| Assign group hotkey | 3 | |
| Basic commands | 97 | |
| Build / train | 44 | |
| Enter build submenu | 11 | |
| Enter hero's abilities submenu | 4 | |
| Give item / drop item | 1 | |
| Remove unit from queue | 1 | |
| Right click | 451 | |
| Select / deselect | 270 | |
| Select group hotkey | 8 | |
| Use ability | 49 | |
939 total
» units
» upgrades
| Pillage | 1 | |
| Berserker Strength | 1 | |
| Witch Doctor Training | 1 | |
3 total
» buildings
| Altar of Storms | 1 | |
| Orc Burrow | 4 | |
| Barracks | 1 | |
| Voodoo Lounge | 1 | |
| War Mill | 1 | |
| Stronghold | 3 | |
| Watch Tower | 2 | |
| Spirit Lodge | 1 | |
| Fortress | 5 | |
19 total
» build order
00:10 Altar of Storms
00:19 Orc Burrow
00:41 Barracks
01:33 Orc Burrow
01:44 Voodoo Lounge
03:22 War Mill
03:28 Stronghold
03:28 Stronghold
03:28 Stronghold
03:52 Orc Burrow
04:38 Watch Tower
04:40 Watch Tower
05:43 Orc Burrow
06:21 Spirit Lodge
06:54 Fortress
06:54 Fortress
06:55 Fortress
» items
| Healing Salve | 2 | |
| Boots of Speed | 1 | |
3 total

»
DAGRENTHESLAYER (
red | 88 APM | 2048 actions | 23:12)
8 Shadow Hunter
3 Serpent Ward
3 Healing Wave
1 Big Bad Voodoo
1 Hex
» actions
| Assign group hotkey | 28 | |
| Basic commands | 2 | |
| Build / train | 71 | |
| Enter build submenu | 32 | |
| Enter hero's abilities submenu | 9 | |
| Give item / drop item | 1 | |
| Right click | 944 | |
| Select / deselect | 364 | |
| Select group hotkey | 472 | |
| Use ability | 125 | |
2048 total
» units
| Peon | 13 | |
| Grunt | 5 | |
| Goblin Shredder | 1 | |
| Wind Rider | 5 | |
| Troll Batrider | 15 | |
39 total
» upgrades
| Spiked Barricades | 1 | |
| Ranged Weapons | 3 | |
| Armor | 2 | |
| Envenomed Spears | 1 | |
| Reinforced Defenses | 1 | |
| Liquid Fire | 1 | |
9 total
» buildings
| Altar of Storms | 1 | |
| Orc Burrow | 6 | |
| Barracks | 2 | |
| Voodoo Lounge | 1 | |
| War Mill | 1 | |
| Watch Tower | 14 | |
| Great Hall | 1 | |
| Stronghold | 1 | |
| Beastiary | 3 | |
| Fortress | 1 | |
31 total
» build order
00:15 Altar of Storms
00:26 Orc Burrow
00:39 Barracks
01:39 Orc Burrow
02:04 Voodoo Lounge
02:45 War Mill
03:59 Watch Tower
04:03 Watch Tower
04:52 Orc Burrow
06:12 Watch Tower
07:04 Great Hall
07:07 Watch Tower
07:12 Stronghold
07:16 Watch Tower
07:17 Watch Tower
07:43 Orc Burrow
09:18 Watch Tower
09:19 Watch Tower
10:22 Barracks
10:25 Beastiary
10:28 Beastiary
10:46 Beastiary
10:54 Fortress
11:01 Watch Tower
11:21 Watch Tower
11:48 Watch Tower
12:01 Watch Tower
12:48 Orc Burrow
13:14 Watch Tower
13:15 Watch Tower
17:13 Orc Burrow
» items
| Healing Salve | 2 | |
| Scroll of Town Portal | 3 | |
| Lesser Clarity Potion | 2 | |
| Potion of Healing | 1 | |
8 total
MaggotFetus (
green | 52 APM | 1147 actions | 22:13)
9 Paladin
3 Holy Light
2 Devotion Aura
3 Divine Shield
1 Resurrection
2 Archmage
1 Blizzard
1 Summon Water Elemental
» actions
| Assign group hotkey | 13 | |
| Build / train | 67 | |
| Enter build submenu | 24 | |
| Enter hero's abilities submenu | 11 | |
| Give item / drop item | 1 | |
| Right click | 472 | |
| Select / deselect | 310 | |
| Select group hotkey | 144 | |
| Use ability | 105 | |
1147 total
» units
| Peasant | 8 | |
| Footman | 5 | |
| Goblin Shredder | 1 | |
| Priest | 8 | |
| Knight | 6 | |
| Rifleman | 1 | |
29 total
» upgrades
| Defend | 1 | |
| Plating | 3 | |
| Swords | 1 | |
| Lumber Harvesting | 1 | |
| Priest Training | 1 | |
7 total
» buildings
| Farm | 9 | |
| Altar of Kings | 1 | |
| Barracks | 4 | |
| Scout Tower | 14 | |
| Arcane Vault | 1 | |
| Lumber Mill | 1 | |
| Blacksmith | 1 | |
| Keep | 1 | |
| Guard Tower | 5 | |
| Arcane Tower | 3 | |
| Arcane Sanctum | 1 | |
| Castle | 1 | |
| Workshop | 2 | |
| Town Hall | 1 | |
45 total
» build order
00:47 Farm
00:49 Farm
00:59 Altar of Kings
01:10 Barracks
01:54 Farm
01:57 Farm
02:06 Scout Tower
02:08 Scout Tower
02:15 Arcane Vault
02:29 Barracks
02:37 Scout Tower
02:38 Scout Tower
02:39 Scout Tower
04:07 Lumber Mill
04:33 Blacksmith
05:01 Keep
05:19 Guard Tower
05:23 Arcane Tower
05:42 Guard Tower
05:43 Guard Tower
05:59 Arcane Tower
06:09 Farm
06:12 Farm
06:13 Farm
06:58 Scout Tower
06:58 Scout Tower
07:56 Arcane Sanctum
08:01 Guard Tower
08:02 Guard Tower
09:34 Castle
10:01 Scout Tower
10:41 Barracks
10:55 Arcane Tower
11:01 Farm
11:02 Farm
11:34 Barracks
20:01 Workshop
20:05 Workshop
20:20 Town Hall
20:27 Scout Tower
20:29 Scout Tower
20:31 Scout Tower
20:33 Scout Tower
20:34 Scout Tower
20:35 Scout Tower
» items
| Staff of Teleportation | 1 | |
| Scroll of Town Portal | 1 | |
2 total

»
uwotm8urdun (
pink | 39 APM | 858 actions | 22:07)
5 Priestess of the Moon
3 Searing Arrows
2 Trueshot Aura
» actions
| Assign group hotkey | 21 | |
| Build / train | 69 | |
| Enter build submenu | 22 | |
| Enter hero's abilities submenu | 5 | |
| Remove unit from queue | 5 | |
| Right click | 235 | |
| Select / deselect | 251 | |
| Select group hotkey | 184 | |
| Use ability | 66 | |
858 total
» units
| Wisp | 18 | |
| Archer | 18 | |
| Hippogryph | 7 | |
43 total
» upgrades
| Hippogryph Taming | 1 | |
| Strength of the Moon | 2 | |
| Moon Armor | 2 | |
5 total
» buildings
| Moon Well | 11 | |
| Altar of Elders | 1 | |
| Ancient of War | 1 | |
| Ancient of Wonders | 1 | |
| Tree of Ages | 1 | |
| Tree of Life | 2 | |
| Ancient of Wind | 2 | |
| Hunter's Hall | 1 | |
| Ancient Protector | 2 | |
22 total
» build order
00:30 Moon Well
00:38 Altar of Elders
01:20 Ancient of War
01:34 Moon Well
02:29 Ancient of Wonders
03:43 Moon Well
04:03 Tree of Ages
05:04 Moon Well
06:26 Tree of Life
08:23 Ancient of Wind
10:27 Ancient of Wind
11:18 Hunter's Hall
12:42 Ancient Protector
13:28 Ancient Protector
15:08 Moon Well
15:10 Moon Well
15:12 Moon Well
15:49 Moon Well
15:51 Moon Well
15:56 Moon Well
16:02 Moon Well
19:29 Tree of Life
» items
| Lesser Clarity Potion | 1 | |
| Scroll of Town Portal | 4 | |
| Potion of Healing | 2 | |
| Claws of Attack +6 | 1 | |
| Ankh of Reincarnation | 1 | |
| Scroll of Regeneration | 2 | |
11 total
Chat log
(00:24 / Allies) DISCO-DUCK: rush?
(00:42 / Allies) NeverLetYouDown: yea
(01:46 / All) GOD-OF-GAMING: anybody get the sc2 expansion? I didnt even know it came out til 2 days ago lawl
(01:54 / All) DAGRENTHESLAYER: walking dead
(01:57 / All) DAGRENTHESLAYER: good show
(02:03 / All) GOD-OF-GAMING: the governor died i thought
(02:08 / All) DAGRENTHESLAYER: lol im at peru
(02:11 / All) DAGRENTHESLAYER: so hes alive yet
(02:24 / All) GOD-OF-GAMING: lima peru?
(02:28 / All) DAGRENTHESLAYER: yes
(02:47 / All) GOD-OF-GAMING: my family went on a tour there the other month. for w/e reason, they have a lot of bus tourist crashes in peru
(02:55 / All) DAGRENTHESLAYER: lol yes
(03:09 / All) DAGRENTHESLAYER: bus here are unsafe
(03:18 / All) MaggotFetus: sounds like russia
(03:22 / All) GOD-OF-GAMING: why exactly?
(03:29 / All) DAGRENTHESLAYER: theyre trucks
(03:32 / All) DAGRENTHESLAYER: modified to bus
(03:35 / All) DAGRENTHESLAYER: thats why
(03:43 / All) DAGRENTHESLAYER: and also roads are old
(03:49 / All) DAGRENTHESLAYER: not to carry buses like today
(03:59 / All) GOD-OF-GAMING: i see
(04:01 / Allies) EXIT-SiGn: rdy?
(04:09 / All) GOD-OF-GAMING: machi pichu looks cool
(04:14 / All) DAGRENTHESLAYER: it is
(05:15 / Allies) EXIT-SiGn: rdy guys?
(05:20 / Allies) DISCO-DUCK: yeah
(06:24 / Allies) GOD-OF-GAMING: meet?
(07:00 / Allies) GOD-OF-GAMING: hi texpos
(07:40 / Allies) NeverLetYouDown: wood?
(07:41 / Allies) NeverLetYouDown: for gold
(07:42 / Allies) EXIT-SiGn: he might tech
(07:51 / Allies) NeverLetYouDown: ty
(10:29 / Allies) GOD-OF-GAMING: altar
(10:49 / Allies) EXIT-SiGn: gold me pls
(12:42 / Allies) EXIT-SiGn: we need aa or air
(14:00 / Allies) GOD-OF-GAMING: tp
(15:14 / Allies) EXIT-SiGn: hawks pls
(15:51 / Allies) GOD-OF-GAMING: u guys are absolutely awful
(15:55 / Allies) NeverLetYouDown: aa
(20:28 / Allies) DISCO-DUCK: have no cloud
(20:32 / Allies) GOD-OF-GAMING: ok
(20:34 / Allies) GOD-OF-GAMING: ggreen base
(20:38 / Allies) DISCO-DUCK: no castle
(23:09 / All) DAGRENTHESLAYER: gg lucky ad ugly american nerds exceptin oj who is cool.